 Dungeon Crawl Stone Soup version 0.28-a0-779-g3d1f99b579 (webtiles) character file.

Game seed: 13432197209901935890

6506 funkygono the Thaumaturge (level 11, -6/56 HPs)
             Began as a Gargoyle Fire Elementalist on Nov 2, 2021.
             Was a Follower of Vehumet.
             Mangled by a seven-headed hydra (11 damage)
             ... on level 10 of the Dungeon.
             The game lasted 00:23:57 (10569 turns).

funkygono the Thaumaturge (GrFE)                   Turns: 10569, Time: 00:23:58

Health: -6/56      AC: 15    Str: 12    XL:     11   Next: 0%
Magic:  28/33      EV: 12    Int: 25    God:    Vehumet [*.....]
Gold:   498        SH:  0    Dex: 10    Spells: 15/29 levels left

rFire   . . .      SeeInvis +   x - +4 flail (holy)
rCold   + . .      Faith    .   (no shield)
rNeg    + . .      Spirit   .   y - +2 leather armour of Vlad {rC+ Will+ SInv}
rPois   ∞          Reflect  .   r - +1 helmet
rElec   +          Harm     .   (no cloak)
rCorr   .          Rampage  .   (no gloves)
Will    +....                   (no boots)
Stlth   ++........              j - amulet of regeneration
HPRegen 1.18/turn               b - +6 ring of intelligence
MPRegen 0.23/turn               Q - ring of magical power

@: no status effects
A: sickness immunity, AC +8, negative energy resistance 1, electricity
resistance, torment resistance 1, petrification resistance
a: Renounce Religion


You were on level 10 of the Dungeon.
You worshipped Vehumet.
Vehumet was aware of your devotion.
You visited 2 branches of the dungeon, and saw 11 of its levels.

You collected 498 gold pieces.

Inventory:

Hand Weapons
 d - a +0 mace
 x - a +4 flail of holy wrath (weapon)
Missiles
 g - 332 stones (quivered)
Armour
 a - a +0 robe
 r - a +1 helmet (worn)
 s - +0 steam dragon scales
 t - a +1 leather armour of fire resistance
 y - the +2 leather armour of Vlad (worn) {rC+ Will+ SInv}
   (You found it on level 7 of the Dungeon)

   rC:        It protects you from cold.
   SInv:      It lets you see invisible.
   Will:      It increases your willpower.
 L - +0 acid dragon scales
Magical Staves
 N - a staff of poison
Jewellery
 b - a +6 ring of intelligence (left hand)
 j - an amulet of regeneration (around neck)
 l - a ring of willpower
 p - a +4 ring of evasion
 v - an amulet of guardian spirit
 E - an amulet of magic regeneration
 G - a +6 ring of strength
 I - the ring of Widimm {Ice Dex+6}
   (You found it on level 7 of the Dungeon)

   [ring of ice]

   It enhances your ice magic.
   Dex:       It affects your dexterity (+6).
   rF:        It makes you vulnerable to fire.
   rC:        It protects you from cold.
 O - a ring of willpower
 P - a ring of protection from cold
 Q - a ring of magical power (right hand)
Wands
 o - a wand of iceblast (3)
 C - a wand of paralysis (1)
 J - a wand of flame (32)
 K - a wand of digging (5)
Scrolls
 i - 4 scrolls of teleportation
 A - 2 scrolls of vulnerability
 M - a scroll of magic mapping
Potions
 c - 4 potions of haste
 e - 2 potions of flight {unknown}
 f - 5 potions of attraction
 h - 3 potions of lignification
 k - a potion of invisibility {unknown}
 m - 2 potions of magic {unknown}
 n - 2 potions of mutation {unknown}
 q - a potion of might
 u - 3 potions of cancellation {unknown}
 w - 2 potions of berserk rage
 z - 8 potions of curing
 B - 2 potions of ambrosia {unknown}
 D - a potion of brilliance {unknown}
 F - 2 potions of heal wounds
 H - 2 potions of degeneration {unknown}


   Skills:
 + Level 1.0 Fighting
 + Level 1.0 Maces & Flails
 + Level 4.1 Armour
 + Level 2.7 Dodging
 - Level 2.1 Stealth
 * Level 9.5 Spellcasting
 * Level 7.4 Conjurations
 * Level 8.4 Fire Magic
 * Level 6.6 Earth Magic


You had 15 spell levels left.
You knew the following spells:

 Your Spells              Type           Power      Damage    Failure   Level
a - Foxfire               Conj/Fire      100%       2x1d9     1%          1
b - Scorch                Fire           100%       2d10      1%          2
c - Conjure Flame         Conj/Fire      51%        6-21      1%          3
d - Flame Wave            Conj/Fire      51%        3d10      2%          4
j - Sandblast             Erth           90%        2d19      1%          1
k - Stone Arrow           Conj/Erth      94%        3d12      1%          3

Your spell library contained the following spells:

 Spells                   Type           Power      Damage    Failure   Level
 Shock                    Conj/Air       100%       1d9       1%          1
 Passwall                 Tmut/Erth      23%        N/A       2%          2
 Inner Flame              Hex/Fire       33%        N/A       3%          3
 Blink                    Tloc           22%        N/A       10%         2
 Corpse Rot               Necr/Air       22%        N/A       10%         2
 Poisonous Vapours        Pois/Air       22%        N/A       10%         2
 Lesser Beckoning         Tloc           11%        N/A       21%         3
 Lightning Bolt           Conj/Air       15%        1d29      36%         5
 Airstrike                Air            5%         N/A       54%         4
 Summon Lightning Spire   Summ/Air       11%        N/A       54%         4
 Manifold Assault         Tloc           11%        N/A       88%         5


Dungeon Overview and Level Annotations

Branches:
Dungeon (10/15)            Temple (1/1) D:6            Lair (0/6) D:10
    Orc (0/2) D:9

Altars:
Ashenzari
Cheibriados
Dithmenos
Elyvilon
Fedhas
Gozag
Hepliaklqana
Kikubaaqudgha
Makhleb
Nemelex Xobeh
Okawaru
Qazlal
Ru
Sif Muna
Trog
Uskayaw
Vehumet
Wu Jian
Xom
Yredelemnul
Zin
The Shining One
Lugonu

Shops:
D:5 :   D:8 *   D:10 **

Annotations:
D:9 2 transporters


Innate Abilities, Weirdness & Mutations

You are immune to sickness and miasma.
Your stone body is resilient. (AC +8)
You are immune to poison.
You resist negative energy. (rN+)
You are resistant to electric shocks. (rElec)
You are resistant to unholy torment.
You are immune to petrification.


Message History

The flame wave engulfs the seven-headed hydra!!
The seven-headed hydra is moderately wounded. (Press . to intensify the flame waves.)
You hear a shout! x2; You hear an angry hiss.
You hear a shout!
You hear a bellow!
The centaur wields a +0 shortbow.
The centaur shoots an arrow.
The arrow closely misses you. The seven-headed hydra bites you.
The seven-headed hydra barely misses you.
The seven-headed hydra closely misses you.
The seven-headed hydra bites you but does no damage.
The seven-headed hydra barely misses you.
The seven-headed hydra bites you but does no damage.
The seven-headed hydra bites you!
The forest fire spreads!
A wave of flame ripples out!
The flame wave engulfs the seven-headed hydra!
The seven-headed hydra is heavily wounded.
The flame wave engulfs the centaur!
The centaur is heavily wounded.
The tree burns like a torch!
A floating eye, a deep elf pyromancer, a centaur warrior, a wraith and a zombie come into view.
You are engulfed in blazing flames.
The centaur warrior shouts!
The deep elf pyromancer shouts!
The komodo dragon hisses angrily.
The centaur warrior unwields a +0 morningstar.
The centaur warrior wields a +0 shortbow.
The centaur warrior shoots an arrow.
The arrow closely misses you. The centaur hits you.
The centaur kicks you but does no damage.
The seven-headed hydra is engulfed in blazing flames.
The seven-headed hydra bites you.
The seven-headed hydra barely misses you.
The seven-headed hydra bites you!
* * * LOW HITPOINT WARNING * * *
The seven-headed hydra bites you.
* * * LOW HITPOINT WARNING * * *
The seven-headed hydra bites you but does no damage.
The seven-headed hydra bites you!
* * * LOW HITPOINT WARNING * * *
The seven-headed hydra bites you!
You die...

.....#
########..........#
.....# #####
#..........# ....##
$...l ###........#
#...# ...l##
##..##...# #.###
♣.... #####).)# #.#
..h.####......# #.#
#§§h.##......# #.#
#.Z##§§Dc##......#
#..
#Gc§§@.........#
#..
#.?§§§.........#
###
#eW##....###.....#
# #....# #######
♣..### ♣.. !$## /?


You could see a seven-headed hydra, a centaur warrior, a komodo dragon, a deep
elf pyromancer, a basilisk shaped shifter, a wraith, a centaur, 2 howler
monkeys, a floating eye and a centaur zombie.

Vanquished Creatures
  A centaur warrior (D:8)
  4 centaur zombies
  A vampire (D:8)
  2 wyverns
  A wraith (D:10)
  7 yaks
  2 steam dragons
  Eustachio (D:4)
  2 acid dragons
  3 water moccasins
  An orc warrior (D:9)
  3 sky beasts
  A black bear (D:6)
  4 centaurs
  2 phantoms
  A kobold brigand (D:9)
  A bullfrog (D:6)
  5 scorpions
  A water moccasin zombie (D:6)
  A wyvern skeleton (D:7)
  4 killer bees (D:7)
  A water moccasin skeleton (D:5)
  A howler monkey (D:8)
  3 hounds
  A bullfrog skeleton (D:7)
  A bullfrog zombie (D:6)
  5 orc priests
  2 centaur skeletons
  4 orc wizards
  Terence (D:2)
  2 iguanas
  A statue (D:9)
  A killer bee zombie (D:9)
  A hound skeleton (D:4)
  3 howler monkey zombies
  A mummy (D:7)
  Robin (D:4)
  7 gnolls
  8 adders
  A river rat (D:6)
  A shadow imp (D:8)
  2 white imps
  An ufetubus (D:6)
  5 worms
  A dart slug (D:2)
  29 orcs
  7 ball pythons
  5 bats
  6 endoplasms
  6 giant cockroaches
  14 goblins
  6 hobgoblins
  A quokka (D:4)
  4 frilled lizards
  2 hobgoblin zombies (D:7)
  13 kobolds
  2 orc zombies (D:7)
  9 rats
207 creatures vanquished.

Vanquished Creatures (collateral kills)
  2 foxfires (D:9)
2 creatures vanquished.

Vanquished Creatures (others)
  A human (D:5)
  742 foxfires
  14 plants (D:10)
757 creatures vanquished.

Grand Total: 966 creatures vanquished

Notes
Turn   | Place    | Note
-------+----------+-------------------------------------------
     0 | D:1      | funkygono the Gargoyle Fire Elementalist began the quest
                  | for the Orb.
     0 | D:1      | Reached XP level 1. HP: 10/10 MP: 3/3
   352 | D:1      | Reached XP level 2. HP: 15/15 MP: 1/5
   355 | D:1      | Learned a level 2 spell: Scorch
   936 | D:1      | Reached XP level 3. HP: 19/19 MP: 4/6
   940 | D:1      | Learned a level 3 spell: Conjure Flame
  1208 | D:2      | Noticed Terence
  1448 | D:2      | Found a faded altar of an unknown god.
  1943 | D:2      | Killed Terence
  1944 | D:2      | Reached XP level 4. HP: 16/24 MP: 0/8
  2450 | D:3      | Noticed a scorpion
  2457 | D:3      | Killed a scorpion
  2458 | D:3      | Reached skill level 3 in Spellcasting
  2458 | D:3      | Reached XP level 5. HP: 28/28 MP: 3/9
  2817 | D:3      | Learned a level 1 spell: Sandblast
  2897 | D:3      | Learned a level 3 spell: Stone Arrow
  3720 | D:4      | Reached skill level 1 in Earth Magic
  3720 | D:4      | Reached XP level 6. HP: 32/32 MP: 6/11
  4021 | D:4      | Noticed Robin
  4036 | D:4      | Killed Robin
  4134 | D:4      | Reached skill level 4 in Spellcasting
  4247 | D:4      | Noticed Eustachio
  4260 | D:4      | Killed Eustachio
  4261 | D:4      | Reached skill level 5 in Fire Magic
  4261 | D:4      | Reached XP level 7. HP: 36/36 MP: 2/13
  4836 | D:4      | Learned a level 4 spell: Flame Wave
  4851 | D:5      | Entered Level 5 of the Dungeon
  5232 | D:5      | Reached skill level 5 in Spellcasting
  5260 | D:5      | Found a glowing golden altar of the Shining One.
  5260 | D:5      | Found a shimmering blue altar of Sif Muna.
  5448 | D:5      | Reached XP level 8. HP: 42/42 MP: 6/16
  5777 | D:5      | Found Fysuwn's Self-Improvement Boutique.
  5806 | D:5      | Found an ancient bone altar of Kikubaaqudgha.
  5852 | D:6      | Reached skill level 1 in Armour
  5852 | D:6      | Reached skill level 6 in Spellcasting
  6223 | D:6      | Reached XP level 9. HP: 46/46 MP: 5/18
  6510 | D:6      | Found a staircase to the Ecumenical Temple.
  6525 | D:6      | Reached skill level 1 in Maces & Flails
  6688 | D:6      | Reached skill level 7 in Spellcasting
  6688 | D:6      | Reached skill level 5 in Conjurations
  6795 | D:6      | Found a basalt altar of Yredelemnul.
  6912 | Temple   | Entered the Ecumenical Temple
  7223 | D:7      | Identified the +2 leather armour of Vlad {rC+ Will+ SInv}
  7371 | D:7      | Reached skill level 5 in Earth Magic
  7469 | D:7      | Reached skill level 1 in Fighting
  7878 | D:7      | Identified the ring of Widimm {Ice Dex+6}
  7931 | D:7      | Found a shadowy altar of Dithmenos.
  8010 | D:7      | Found an iron altar of Okawaru.
  8133 | D:8      | Found Jupt's Lightly-Used Armoury.
  8344 | D:8      | Found a glowing golden altar of the Shining One.
  8595 | D:8      | Reached XP level 10. HP: 34/52 MP: 15/21
  8597 | D:8      | Reached skill level 8 in Spellcasting
  8792 | D:8      | Found a radiant altar of Vehumet.
  8795 | D:8      | Became a worshipper of Vehumet
  8837 | D:8      | Noticed a centaur warrior
  8844 | D:8      | Killed a centaur warrior
  9161 | D:9      | Found a staircase to the Orcish Mines.
  9227 | D:9      | Found a radiant altar of Vehumet.
  9310 | D:9      | Reached skill level 9 in Spellcasting
  9383 | D:9      | Reached * piety under Vehumet
  9383 | D:9      | Offered knowledge of Shock by Vehumet.
  9465 | D:9      | Found a hazy altar of Hepliaklqana.
  9486 | D:9      | Found an ornate altar of the Wu Jian Council.
  9668 | D:9      | Found a transporter.
  9673 | D:9      | Found a corrupted altar of Lugonu.
  9818 | D:9      | Noticed a purple ugly thing
  9821 | D:9      | Found a transporter.
  9822 | D:9      | Noticed a red ugly thing
  9932 | D:10     | Entered Level 10 of the Dungeon
 10282 | D:10     | Found a staircase to the Lair.
 10439 | D:10     | Found Kaupryuz's General Store.
 10441 | D:10     | Found Ixinoul's Specific Store.
 10546 | D:10     | Reached XP level 11. HP: 50/56 MP: 24/24
 10564 | D:10     | Noticed a seven-headed hydra
 10569 | D:10     | Noticed a centaur warrior
 10569 | D:10     | Noticed a deep elf pyromancer
 10569 | D:10     | Mangled by a seven-headed hydra

Illustrated notes

Levels and vault maps discovered:
D:1:      sevenhm_arrival_forest_fort_small_4, layout_loops_cross, minmay_vboxes
D:2:      layout_loops_ring, ebering_ecumenical_altar_sacrificial,
          corexii_leaking_fountain, uniq_terence
D:3:      layout_loops_corners
D:4:      layout_rooms, nicolae_underground_beach, uniq_eustachio, uniq_robin
D:5:      layout_basic, mainiacjoe_overflow_divided_tiny, tgw_kikubaaqudgha,
          nicolae_shop_self_help
D:6:      layout_rooms, general_overflow_altar,
          minmay_temple_entry_stoned_glass, lightli_sewer_entry_pipes
D:7:      layout_cave_pools, kennysheep_little_box, kennysheep_mini_moat,
          minmay_mini_ossuary
D:8:      layout_rooms, hangedman_feature_mirror, minmay_door_square,
          minmay_shop_damaged, grunt_ministairs_4
D:9:      gammafunk_corrupted_shrine, layout_basic,
          mainiacjoe_overflow_boulevard, vehumet_statue,
          mainiacjoe_overflow_concentric_impassable
D:10:     minmay_bloctagon, layout_gridville, dpeg_oklobed_lair,
          nicolae_specific_store, st_stairs_1, minivault_26
Temple:   oiseaux_autumnal_temple

Skill      XL: |  1  2  3  4  5  6  7  8  9 10 |
---------------+-------------------------------+-----
Fire Magic     | 4 5 6 7 8 |  8.4
Spellcasting   | 3 4 5 6 7 9 |  9.5
Conjurations   | 2 3 4 6 7 |  7.4
Earth Magic    | 1 3 4 5 6 |  6.6
Armour         | 1 3 4 |  4.1
Dodging        | 2 |  2.7
Maces & Flails | 1 |  1.0
Fighting       | 1 |  1.0
Stealth        | |  2.1

Action                   |  1- 3 |  4- 6 |  7- 9 | 10-12 || total
-------------------------+-------+-------+-------+-------++-------
Melee: Mace              |     6 |     8 |    26 |       ||    40
       Flail             |       |       |     2 |     1 ||     3
 Cast: Foxfire           |    60 |    99 |   222 |    53 ||   434
       Scorch            |     7 |     3 |     5 |     4 ||    19
       Sandblast         |       |    10 |    41 |    12 ||    63
       Stone Arrow       |       |     1 |       |    15 ||    16
       Flame Wave        |       |       |     2 |     7 ||     9
       Conjure Flame     |       |       |     1 |       ||     1
  Use: Scroll            |     1 |     3 |    10 |     4 ||    18
Armor: Robe              |     6 |     5 |       |       ||    11
       Leather armour    |       |       |    83 |    18 ||   101
       Skin              |       |       |     1 |       ||     1
Dodge: Dodged            |    18 |    10 |    70 |    16 ||   114

Table legend: (Time is in decaauts)
 A = Elapsed time spent in this place.
 B = Non-inter-level travel time spent in this place.
 C = Inter-level travel time spent in this place.
 D = Time resting spent in this place.
 E = Time spent auto-exploring this place.
 F = Levels seen in this place.
 G = Mean time per level.
                   A        B        C        D        E       F      G
               +--------+--------+--------+--------+--------+-----+--------+
         Total |  10637 |  10365 |    272 |    513 |   7772 |  11 |  967.0 |
       Dungeon |  10375 |  10120 |    255 |    513 |   7566 |  10 | 1037.5 |
        Temple |    261 |    245 |     16 |      0 |    206 |   1 |  261.0 |
               +--------+--------+--------+--------+--------+-----+--------+

Top non-repeatable levels by time:
     D:3: 1278 daAuts
     D:1: 1259 daAuts
     D:4: 1258 daAuts
     D:5: 1179 daAuts
     D:2: 1098 daAuts
     D:8: 1000 daAuts
     D:6: 943 daAuts
     D:7: 921 daAuts
     D:9: 798 daAuts
    D:10: 636 daAuts
  Temple: 261 daAuts
